EVO
CLEMSON UNIVERSITY TIGERS @ UNIVERSITY OF MICHIGAN WOLVERINES
08/19/2044
 
TOP OF THE 1ST
Clemson University Tigers batting - Pitching for University of Michigan Wolverines : RHP Sam Drews
Pitching: RHP Sam Drews
Batting: LHB Brandon Homol 0-0: Ball
1-0: SINGLE (Groundball, 4, EV 100.0 MPH)
Batting: SHB Justin Hensley 0-0: Foul Ball, location: 2F
0-1: Ball
1-1: Hit by Pitch
Brandon Homol to second
Batting: LHB Pablo Serrato 0-0: Called Strike
0-1: Fly out, F9 (Flyball, 89S, EV 95.0 MPH)
Batting: RHB Jaime Rios 0-0: Fly out, F8 (Flyball, 78S, EV 96.9 MPH)
Batting: RHB Leo Candelas 0-0: Ball
1-0: Fielders Choice at 2nd, 6-4 (Groundball, 6, EV 86.9 MPH)
Top of the 1st over - 0 runs, 1 hit, 0 errors, 2 left on base; Clemson University 0 - University of Michigan 0
BOTTOM OF THE 1ST
University of Michigan Wolverines batting - Pitching for Clemson University Tigers : RHP Zhao-jun Zong
Pitching: RHP Zhao-jun Zong
Batting: RHB Phil Reeves 0-0: Swinging Strike
0-1: Ball
1-1: Ball
2-1: Ball
3-1: Swinging Strike
3-2: Ground out 6-3 (Groundball, 6, EV 86.9 MPH)
Batting: RHB Armando Vilano 0-0: Called Strike
0-1: Reached on error, E6 (Groundball, 56, EV 83.8 MPH)
Batting: RHB Artyom Shavkunov 0-0: Called Strike
0-1: SINGLE (Line Drive, 89M, EV 91.9 MPH)
Armando Vilano to second
Batting: RHB Ryan Criollo 0-0: Called Strike
0-1: Ball
1-1: SINGLE (Groundball, 56D, EV 98.8 MPH)
Armando Vilano to third
Artyom Shavkunov to second
Batting: RHB Aaron Barraza 0-0: Called Strike
0-1: Fly out, F6 (Line Drive, 6, EV 63.8 MPH)
Batting: RHB Tim Cordle 0-0: Called Strike
0-1: Ball
1-1: Foul Ball, location: 2F
1-2: Fly out, F8 (Line Drive, 8RM, EV 83.8 MPH)
Bottom of the 1st over - 0 runs, 2 hits, 1 error, 3 left on base; Clemson University 0 - University of Michigan 0
TOP OF THE 2ND
Clemson University Tigers batting - Pitching for University of Michigan Wolverines : RHP Sam Drews
Batting: LHB Pat Fontana 0-0: SINGLE (Groundball, 6MD, EV 106.9 MPH) (infield hit)
Batting: RHB Bartolo Aguilar 0-0: Called Strike
0-1: Ball
1-1: Ball
2-1: Swinging Strike
2-2: Ball
Pat Fontana steals 2nd base
3-2: Strikes out swinging
Batting: RHB Ken Manser 0-0: Called Strike
0-1: Foul Ball, location: 2F
0-2: Strikes out swinging
Batting: SHB Ronnie Brooks 0-0: Ball
1-0: Called Strike
1-1: Called Strike
1-2: SINGLE (Groundball, 4MS, EV 91.3 MPH) (infield hit)
Pat Fontana to third
Batting: LHB Brandon Homol 0-0: Fielders Choice at 2nd, 5-4 (Groundball, 56, EV 91.3 MPH)
Top of the 2nd over - 0 runs, 2 hits, 0 errors, 2 left on base; Clemson University 0 - University of Michigan 0
BOTTOM OF THE 2ND
University of Michigan Wolverines batting - Pitching for Clemson University Tigers : RHP Zhao-jun Zong
Batting: LHB Cory Bowler 0-0: Fly out, F8 (Flyball, 89M, EV 84.4 MPH)
Batting: RHB Cesar Martinez 0-0: Ball
1-0: Ball
2-0: Foul Ball, location: 2F
2-1: Called Strike
2-2: Ball
3-2: Foul Ball, location: 2F
3-2: Foul Ball, location: 2F
3-2: Foul Ball, location: 2F
3-2: Foul Ball, location: 2F
3-2: Strikes out looking
Batting: RHB Juan Zamora 0-0: Ball
1-0: SINGLE (Groundball, 6D, EV 95.6 MPH)
Batting: RHB Phil Reeves 0-0: Called Strike
0-1: Ball
1-1: Called Strike
Juan Zamora steals 2nd, throwing error, E2
Juan Zamora to third
1-2: Strikes out swinging
Bottom of the 2nd over - 0 runs, 1 hit, 1 error, 1 left on base; Clemson University 0 - University of Michigan 0
TOP OF THE 3RD
Clemson University Tigers batting - Pitching for University of Michigan Wolverines : RHP Sam Drews
Batting: SHB Justin Hensley 0-0: DOUBLE (Line Drive, 7LM, EV 88.8 MPH)
Batting: LHB Pablo Serrato 0-0: Ball
1-0: Ground out 5-3 (Groundball, 5, EV 90.0 MPH)
Batting: RHB Jaime Rios 0-0: Ball
1-0: SINGLE (Groundball, 5S, EV 75.0 MPH) (infield hit)
Justin Hensley to third
Batting: RHB Leo Candelas 0-0: Foul Ball, location: 2F
0-1: Ball
1-1: Foul Ball, location: 2F
1-2: Ball
2-2: Fly out, F4 (Flyball, 4D, EV 94.4 MPH)
Batting: LHB Pat Fontana 0-0: Ball
1-0: Called Strike
1-1: Ball
2-1: Ball
3-1: Base on Balls
Jaime Rios to second
Batting: RHB Bartolo Aguilar 0-0: Called Strike
0-1: SINGLE (Groundball, 56D, EV 100.0 MPH)
Justin Hensley scores
Jaime Rios to third
Pat Fontana to second
Runner from 3rd tries for Home, SAFE, throw by LF to home
Pat Fontana to third
Bartolo Aguilar to second
Batting: RHB Ken Manser 0-0: Ball
1-0: Swinging Strike
1-1: Swinging Strike
1-2: Foul Ball, location: 2F
1-2: Ball
2-2: Fly out, F5 (Popup, 56S, EV 75.6 MPH)
Top of the 3rd over - 2 runs, 3 hits, 0 errors, 2 left on base; Clemson University 2 - University of Michigan 0
BOTTOM OF THE 3RD
University of Michigan Wolverines batting - Pitching for Clemson University Tigers : RHP Zhao-jun Zong
Batting: RHB Armando Vilano 0-0: Swinging Strike
0-1: Ball
1-1: Ball
2-1: Ground out 6-3 (Groundball, 6, EV 107.5 MPH)
Batting: RHB Artyom Shavkunov 0-0: Swinging Strike
0-1: Ball
1-1: Ball
2-1: Ball
3-1: Base on Balls
Batting: RHB Ryan Criollo 0-0: Called Strike
0-1: Ball
1-1: Swinging Strike
1-2: Grounds out, U3 (Groundball, 3L, EV 92.5 MPH)
Batting: RHB Aaron Barraza 0-0: SINGLE (Flyball, 8LS, EV 93.8 MPH)
Artyom Shavkunov to third
Runner from 3rd tries for Home, SAFE, throw by CF to home
Batting: RHB Tim Cordle 0-0: Ball
1-0: Foul Ball, location: 2F
1-1: Ball
2-1: Foul Ball, location: 2F
2-2: Strikes out swinging
Bottom of the 3rd over - 1 run, 1 hit, 0 errors, 1 left on base; Clemson University 2 - University of Michigan 1
TOP OF THE 4TH
Clemson University Tigers batting - Pitching for University of Michigan Wolverines : RHP Sam Drews
Batting: SHB Ronnie Brooks 0-0: Ground out 4-3 (Groundball, 4M, EV 105.0 MPH)
Batting: LHB Brandon Homol 0-0: SINGLE (Line Drive, 8LS, EV 97.5 MPH)
Batting: SHB Justin Hensley 0-0: Called Strike
Brandon Homol steals 2nd base
0-1: Fly out, F9 (Flyball, 89M, EV 79.4 MPH)
Batting: LHB Pablo Serrato 0-0: Swinging Strike
0-1: Called Strike
0-2: Fly out, F9 (Flyball, 9D, EV 86.9 MPH)
Top of the 4th over - 0 runs, 1 hit, 0 errors, 1 left on base; Clemson University 2 - University of Michigan 1
BOTTOM OF THE 4TH
University of Michigan Wolverines batting - Pitching for Clemson University Tigers : RHP Zhao-jun Zong
Batting: LHB Cory Bowler 0-0: Foul Ball, location: 2F
0-1: Ground out 4-3 (Groundball, 4, EV 85.0 MPH)
Batting: RHB Cesar Martinez 0-0: Ball
1-0: Called Strike
1-1: Foul Ball, location: 2F
1-2: Ball
2-2: Ball
3-2: Ground out 4-3 (Groundball, 4M, EV 81.9 MPH)
Batting: RHB Juan Zamora 0-0: Ball
1-0: Called Strike
1-1: Called Strike
1-2: Ball
2-2: Strikes out swinging
Bottom of the 4th over - 0 runs, 0 hits, 0 errors, 0 left on base; Clemson University 2 - University of Michigan 1
TOP OF THE 5TH
Clemson University Tigers batting - Pitching for University of Michigan Wolverines : RHP Sam Drews
Batting: RHB Jaime Rios 0-0: Swinging Strike
0-1: Foul Ball, location: 2F
0-2: Ground out 6-3 (Groundball, 6S, EV 90.0 MPH)
Batting: RHB Leo Candelas 0-0: Ground out 6-3 (Groundball, 6S, EV 69.4 MPH)
Batting: LHB Pat Fontana 0-0: Called Strike
0-1: Ball
1-1: Ball
2-1: Ball
3-1: Ground out 6-3 (Groundball, 6, EV 93.1 MPH)
Top of the 5th over - 0 runs, 0 hits, 0 errors, 0 left on base; Clemson University 2 - University of Michigan 1
BOTTOM OF THE 5TH
University of Michigan Wolverines batting - Pitching for Clemson University Tigers : RHP Zhao-jun Zong
Batting: RHB Phil Reeves 0-0: Foul Ball, location: 2F
0-1: Ball
1-1: Foul Ball, location: 2F
1-2: Ball
2-2: Ball
3-2: Fly out, F8 (Flyball, 8LXD, EV 107.5 MPH)
Batting: RHB Armando Vilano 0-0: SINGLE (Line Drive, 4MD, EV 99.4 MPH)
Pitching: RHP Gabe Pinzon
Batting: RHB Artyom Shavkunov 0-0: Ball
1-0: Ball
2-0: Ball
3-0: Called Strike
3-1: Called Strike
3-2: Base on Balls
Armando Vilano to second
Batting: RHB Ryan Criollo 0-0: Ball
1-0: Ball
2-0: Called Strike
2-1: Ball
Passed Ball!
Armando Vilano to third
Artyom Shavkunov to second
3-1: Swinging Strike
3-2: Fly out, F7 (Flyball, 7, EV 91.3 MPH)
Runner from 3rd tags up, SCORES, throw by LF
Batting: RHB Aaron Barraza 0-0: Swinging Strike
0-1: Ball
1-1: Foul Ball, location: 2F
1-2: Ball
2-2: Ball
3-2: Ground out 6-3 (Groundball, 56D, EV 80.6 MPH)
Bottom of the 5th over - 1 run, 1 hit, 0 errors, 1 left on base; Clemson University 2 - University of Michigan 2
TOP OF THE 6TH
Clemson University Tigers batting - Pitching for University of Michigan Wolverines : RHP Sam Drews
Batting: RHB Bartolo Aguilar 0-0: Ball
1-0: Ball
2-0: Foul Ball, location: 2F
2-1: Swinging Strike
2-2: Ball
3-2: Base on Balls
Batting: RHB Ken Manser 0-0: Sac Bunt to 15 - play at second, runner OUT! 1-6
Batting: SHB Ronnie Brooks 0-0: Swinging Strike
0-1: Ball
1-1: Called Strike
1-2: Ball
2-2: Ball
3-2: SINGLE (Groundball, 3D, EV 104.4 MPH)
Ken Manser to second
Ken Manser to third
Pitching: RHP Tyler Duffy
Batting: LHB Brandon Homol 0-0: Ball
1-0: Ball
2-0: Ball
3-0: Called Strike
3-1: Foul Ball, location: 2F
3-2: Foul Ball, location: 2F
3-2: Ground out 3-1 (Groundball, 13, EV 86.9 MPH)
Ronnie Brooks to second
Batting: SHB Justin Hensley 0-0: Ball
1-0: Ball
2-0: Ball
3-0: Called Strike
3-1: Base on Balls
Batting: LHB Pablo Serrato 0-0: Foul Ball, location: 2F
0-1: Ball
1-1: Foul Ball, location: 2F
1-2: Foul Ball, location: 2F
1-2: Strikes out looking
Top of the 6th over - 0 runs, 1 hit, 0 errors, 3 left on base; Clemson University 2 - University of Michigan 2
BOTTOM OF THE 6TH
University of Michigan Wolverines batting - Pitching for Clemson University Tigers : RHP Gabe Pinzon
Batting: RHB Tim Cordle 0-0: SOLO HOME RUN (Flyball, 7LD, EV 93.8 MPH), Distance : 346 ft
Batting: LHB Cory Bowler 0-0: DOUBLE (Flyball, 8LXD, EV 89.4 MPH)
Batting: RHB Cesar Martinez 0-0: Intentional Walk
Batting: RHB Juan Zamora 0-0: Ball
1-0: Foul Ball, location: 2F
1-1: Ball
2-1: Called Strike
2-2: Foul Ball, location: 2F
2-2: SINGLE (Line Drive, 7LS, EV 94.4 MPH)
Cory Bowler to third
Cesar Martinez to second
Runner from 3rd tries for Home, throw by LF and OUT! 7-2
Pitching: RHP Josh Blaschke
Batting: RHB Phil Reeves 0-0: Swinging Strike
0-1: Foul Ball, location: 2F
0-2: DOUBLE (Flyball, 9LM, EV 106.3 MPH)
Cesar Martinez scores
Juan Zamora to third
Batting: RHB Armando Vilano 0-0: Ball
1-0: SINGLE (Groundball, 6M, EV 105.0 MPH)
Juan Zamora scores
Phil Reeves to third
Runner from 3rd tries for Home, SAFE, throw by CF to home
Batting: RHB Artyom Shavkunov 0-0: Ball
1-0: Called Strike
1-1: Fly out, F3 (Line Drive, 3, EV 68.1 MPH)
Batting: RHB Ryan Criollo 0-0: Ground out 4-3 (Groundball, 4S, EV 86.9 MPH)
Bottom of the 6th over - 4 runs, 5 hits, 0 errors, 1 left on base; Clemson University 2 - University of Michigan 6
TOP OF THE 7TH
Clemson University Tigers batting - Pitching for University of Michigan Wolverines : RHP Tyler Duffy
Pitching: RHP Joaquin Casanova
Batting: RHB Jaime Rios 0-0: Ball
1-0: DOUBLE (Line Drive, 89D, EV 104.4 MPH)
Batting: RHB Leo Candelas 0-0: Fly out, F9 (Flyball, 9, EV 90.6 MPH)
Runner from 2nd tags up, SAFE at 3rd with throw by RF
Batting: LHB Pat Fontana 0-0: Foul Ball, location: 2F
0-1: Single, Error in OF, E7, batter to second base (Line Drive, 78S, EV 95.6 MPH)
Jaime Rios scores
Batting: RHB Bartolo Aguilar 0-0: Ball
1-0: Called Strike
1-1: Fly out, F1 (Line Drive, P, EV 69.4 MPH)
Batting: RHB Ken Manser 0-0: Foul Ball, location: 2F
0-1: Foul Ball, location: 2F
0-2: Ball
1-2: Ground out 3-1 (Groundball, 34, EV 96.3 MPH)
Top of the 7th over - 1 run, 2 hits, 1 error, 1 left on base; Clemson University 3 - University of Michigan 6
BOTTOM OF THE 7TH
University of Michigan Wolverines batting - Pitching for Clemson University Tigers : RHP Josh Blaschke
Batting: RHB Aaron Barraza 0-0: Ball
1-0: SINGLE (Line Drive, 34D, EV 105.0 MPH)
Batting: RHB Tim Cordle 0-0: Sac Bunt to 23 - play at first, batter safe!
Aaron Barraza to second
Batting: LHB Cory Bowler 0-0: Ball
1-0: Fly out, F9 (Line Drive, 9, EV 85.6 MPH)
Batting: RHB Cesar Martinez 0-0: Called Strike
0-1: Fielders Choice at 2nd, 1-6 (Groundball, 34S, EV 66.9 MPH)
Aaron Barraza to third
Batting: RHB Juan Zamora 0-0: Ball
1-0: Fielders Choice at 2nd, 6-4 (Groundball, 6, EV 89.4 MPH)
Bottom of the 7th over - 0 runs, 2 hits, 0 errors, 2 left on base; Clemson University 3 - University of Michigan 6
TOP OF THE 8TH
Clemson University Tigers batting - Pitching for University of Michigan Wolverines : RHP Joaquin Casanova
Batting: SHB Ronnie Brooks 0-0: DOUBLE (Line Drive, 9LS, EV 96.9 MPH)
Batting: LHB Brandon Homol 0-0: Called Strike
0-1: Ball
1-1: Foul Ball, location: 2F
1-2: Strikes out swinging
Batting: SHB Justin Hensley 0-0: Ball
1-0: Ball
2-0: Foul Ball, location: 2F
2-1: Foul Ball, location: 2F
2-2: Strikes out swinging
Pitching: LHP Darius Brown
Batting: LHB Pablo Serrato 0-0: Called Strike
0-1: Swinging Strike
0-2: Strikes out swinging
Top of the 8th over - 0 runs, 1 hit, 0 errors, 1 left on base; Clemson University 3 - University of Michigan 6
BOTTOM OF THE 8TH
University of Michigan Wolverines batting - Pitching for Clemson University Tigers : RHP Josh Blaschke
Batting: RHB Phil Reeves 0-0: Foul Ball, location: 2F
0-1: Foul Ball, location: 2F
0-2: Ball
1-2: Fly out, F7 (Flyball, 7LM, EV 87.5 MPH)
Batting: RHB Armando Vilano 0-0: SINGLE (Groundball, 6S, EV 74.4 MPH) (infield hit)
Batting: RHB Artyom Shavkunov 0-0: DOUBLE (Flyball, 8RD, EV 102.5 MPH)
Armando Vilano to third
Batting: RHB Ryan Criollo 0-0: Called Strike
0-1: SINGLE (Groundball, 4D, EV 102.5 MPH)
Armando Vilano scores
Artyom Shavkunov to third
Runner from 3rd tries for Home, SAFE, throw by CF to home
Pitching: LHP Rick Mitchell
Batting: RHB Aaron Barraza 0-0: Ball
1-0: Foul Ball, location: 2F
1-1: Fly out, F8 (Flyball, 78D, EV 100.0 MPH)
Batting: RHB Tim Cordle 0-0: SINGLE (Groundball, P, EV 85.6 MPH) (infield hit)
Ryan Criollo to second
Batting: LHB Cory Bowler 0-0: Called Strike
0-1: Ball
1-1: Foul Ball, location: 2F
1-2: Foul Ball, location: 2F
1-2: Strikes out swinging
Bottom of the 8th over - 2 runs, 4 hits, 0 errors, 2 left on base; Clemson University 3 - University of Michigan 8
TOP OF THE 9TH
Clemson University Tigers batting - Pitching for University of Michigan Wolverines : LHP Darius Brown
Batting: RHB Jaime Rios 0-0: Called Strike
0-1: Swinging Strike
0-2: Strikes out looking
Batting: RHB Leo Candelas 0-0: Foul Ball, location: 2F
0-1: Ball
1-1: Ball
2-1: Swinging Strike
2-2: Ball
3-2: Foul Ball, location: 2F
3-2: Foul Ball, location: 2F
3-2: Strikes out swinging
Pinch Hitting: RHB Wes Reynolds 0-0: Ball
1-0: Ball
2-0: Called Strike
2-1: Foul Ball, location: 2F
2-2: Ball
3-2: Foul Ball, location: 2F
3-2: Foul Ball, location: 2F
3-2: Ground out 1-3 (Groundball, 15S, EV 71.3 MPH)
Top of the 9th over - 0 runs, 0 hits, 0 errors, 0 left on base; Clemson University 3 - University of Michigan 8
Thursday, March 31st , 2022 - OOTP Baseball 22.12 Build 89